 Dungeon Crawl Stone Soup version 0.27.1-34-g3ba077fa99 (webtiles) character file.

Game seed: 16390630465201551803

2 cyrus the Caller (level 1, -1/13 HPs)
             Began as a Vampire Summoner on Jan 24, 2022.
             Slain by a hobgoblin (2 damage)
             ... on level 1 of the Dungeon.
             The game lasted 00:00:53 (75 turns).

cyrus the Caller (Vampire Summoner)                   Turns: 75, Time: 00:00:53

Health: -1/13      AC:  2    Str:  7    XL:     1   Next: 25%
Magic:  3/3        EV: 12    Int: 17    God:
Gold:   0          SH:  0    Dex: 14    Spells: 3/4 levels left

rFire    . . .     SeeInvis +   c - +0 mace
rCold    . . .     Faith    .   (no shield)
rNeg     . . .     Spirit   .   a - +0 robe
rPois    .         Reflect  .   (no helmet)
rElec    .         Harm     .   (no cloak)
rCorr    .         Rampage  .   (no gloves)
Will     .....                  (no boots)
Stlth    ++........             (no amulet)
HPRegen  0.24/turn              (no ring)
MPRegen  0.08/turn              (no ring)

@: healing quickly
A: alive, fangs 3, see invisible, vampiric 1
a: Exsanguinate


You were on level 1 of the Dungeon.
You visited 1 branch of the dungeon, and saw 1 of its levels.

Inventory:

Hand Weapons
 c - a +0 mace (weapon)
Armour
 a - a +0 robe (worn)
Potions
 b - a potion of brilliance {unknown}


   Skills:
 + Level 2.2 Dodging
 + Level 3.0 Stealth
 + Level 2.0 Spellcasting
 + Level 4.1 Summonings


You had 3 spell levels left.
You knew the following spells:

 Your Spells              Type           Power      Damage    Failure   Level
a - Summon Small Mammal   Summ           60%        N/A       3%          1

Your spell library contained the following spells:

 Spells                   Type           Power      Damage    Failure   Level
 Call Imp                 Summ           15%        N/A       5%          2
 Call Canine Familiar     Summ           15%        N/A       11%         3
 Summon Guardian Golem    Hex/Summ       8%         N/A       26%         3
 Summon Lightning Spire   Summ/Air       8%         N/A       63%         4


Dungeon Overview and Level Annotations

Branches:
Dungeon (1/15)

Altars:


Innate Abilities, Weirdness & Mutations

Your natural rate of healing is accelerated.
You have razor-sharp teeth.
You have supernaturally acute eyesight. (SInv)
You are afflicted with vampirism.


Message History

The hobgoblin shouts!
You hit the kobold but do no damage. You bite the kobold, but do no damage.
Your bat barely misses the kobold.
Your bat hits the kobold but does no damage.
The kobold completely misses you.
You barely miss the kobold. You bite the kobold.
The kobold is moderately wounded.
Your bat hits the kobold. x2
The kobold hits you with a +0 short sword.
Your bat barely misses the kobold.
The kobold hits you but does no damage.
You hit the kobold.
You kill the kobold!
A hobgoblin comes into view.
The ball python barely misses you. The ball python grabs you.
The ball python constricts you.
You see here a +0 short sword.
You closely miss the ball python. The hobgoblin closely misses you.
The ball python bites you. The ball python constricts you.
The hobgoblin hits you but does no damage.
The ball python closely misses you. The ball python constricts you.
You closely miss the ball python. Your bite misses the ball python.
The ball python bites you. The ball python constricts you.
The hobgoblin closely misses you.
You escape the ball python's grasp.
You swap places.
Your bat hits the ball python.
Your bat completely misses the hobgoblin.
You swap places.
Your bat completely misses the hobgoblin.
Your bat barely misses the hobgoblin.
The hobgoblin closely misses you.
Your bat closely misses the ball python.
Your bat barely misses the ball python.
The ball python bites your bat. The ball python grabs your bat.
The ball python constricts your bat.
Your bat dies!
Your bat's corpse disappears in a puff of smoke!
You closely miss the hobgoblin. The hobgoblin hits you.
You closely miss the hobgoblin. The ball python closely misses you. x2
The hobgoblin hits you. The ball python bites you.
* * * LOW HITPOINT WARNING * * *
The ball python misses you. The hobgoblin hits you.
You die...

############
########gg@.......######
.......).S.†...........#
.......#.########.#.##.####
.......#.# ###....#.....
.......... .........>####
.........## ###.......#
.......### #.####..#
....... #. #..# ....... ..
#..# #


You could see 2 hobgoblins and a ball python.

Vanquished Creatures
  A kobold (D:1)
1 creature vanquished.

Vanquished Creatures (collateral kills)
  A ball python (D:1)
1 creature vanquished.

Grand Total: 2 creatures vanquished

Notes
Turn   | Place    | Note
-------+----------+-------------------------------------------
     0 | D:1      | cyrus the Vampire Summoner began the quest for the Orb.
     0 | D:1      | Reached XP level 1. HP: 13/13 MP: 3/3
    75 | D:1      | Slain by a hobgoblin

Illustrated notes

Levels and vault maps discovered:
D:1:      lemuel_arrival_rhombus, layout_basic,
          hellmonk_ecumenical_altar_inner_sanctum,
          hangedman_decor_clover_reticule

Action                   || total
-------------------------++-------
Melee: Mace              ||     7
       Bite              ||     2
 Cast: Summon Small Mamm ||     1
Armor: Robe              ||     2
Dodge: Dodged            ||     9
